Map: Neon Violet Square LE

Players

Itamar

  • Race: Protoss Protoss
  • League: Platinum
  • Spawn Location: 11:00

Infamous - Winner!

  • Race: Protoss Protoss
  • League: Gold
  • Spawn Location: 5:00

VOD

Have the link to the VOD?

Description

Time

  • Played on: April 24, 2018, 10:58 a.m.
  • Length: 11:18
Show
View Real Time Build Order
Export as new Build Order

Itamar Protoss 

Build Orders:  

Get SALT Encoding   

  12  0:01  Probe  
  13  0:19  Pylon  
  13  0:20  Probe  
  14  0:32  Probe  
  15  0:38  Gateway  
  15  0:44  Probe  
  16  0:55  Probe  
  17  1:03  Probe  
  17  1:04  Gateway  
  18  1:11  Probe  
  19  1:32  Cybernetics Core  
  19  1:48  Assimilator  
  19  1:53  Assimilator  
  19  2:01  Nexus  
  19  2:07  Probe  
  20  2:15  Probe  
  20  2:20  Pylon  
  21  2:24  Probe  
  22  2:33  Probe  
  23  2:38  Stalker  
  24  2:52  Stalker  
  26  3:02  Shield Battery  
  26  3:09  Stalker  
  26  3:10  Warp Gate  
  28  3:20  Forge  
  28  3:27  Probe, Robotics Facility  
  28  3:33  Stalker  
  29  3:46  Probe x2  
  33  3:53  Protoss Ground Weapons Level 1  
  33  3:58  Probe x2  
  35  4:10  Probe  
  36  4:17  Probe  
  36  4:19  Probe  
  36  4:20  Observer  
  38  4:25  Probe  
  38  4:27  Probe  
  41  4:34  Probe  
  41  4:36  Probe  
  41  4:38  Immortal  
  45  4:52  Probe  
  46  4:55  Pylon  
  46  5:13  Probe  
  47  5:36  Gateway  
  47  5:39  Gateway, Forge  
  47  5:42  Twilight Council  
  47  5:47  Pylon, Protoss Ground Armor Level 1  
  47  5:48  Probe x2, Gateway  
  49  5:52  Shield Battery  
  49  5:53  Stalker  
  49  5:56  Shield Battery  
  51  5:59  Nexus  
  51  6:00  Probe  
  50  6:18  Probe x2  
  52  6:37  Immortal  
  52  6:41  Protoss Ground Weapons Level 2  
  56  6:49  Stalker x2  
  60  7:00  Pylon  
  60  7:02  Stalker  
  62  7:12  Pylon, Assimilator  
  62  7:13  Probe x2  
  63  7:16  Pylon  
  63  7:17  Assimilator  
  59  7:25  Stalker  
  59  7:26  Stalker  
  59  7:27  Stalker  
  65  7:36  Probe  
  66  7:44  Probe  
  66  7:45  Probe  
  66  7:48  Stalker x3  
  74  7:54  Probe  
  74  7:57  Pylon, Probe  
  76  8:06  Probe  
  76  8:09  Probe  
  78  8:18  Probe x2  
  80  8:21  Probe  
  81  8:29  Observer  
  81  8:30  Probe x2  
  81  8:32  Protoss Ground Armor Level 2  
  81  8:33  Probe  
  85  8:41  Warp Prism  
  85  8:42  Probe x2, Robotics Facility  
  85  8:44  Templar Archives  
  87  8:50  Probe  
  87  8:54  Probe  
  91  8:57  Pylon  
  91  8:59  Photon Cannon  
  91  9:00  Photon Cannon  
  91  9:02  Shield Battery  
  91  9:03  Photon Cannon  
  91  9:10  Stalker x2  
  91  9:11  Stalker x2  
  99  9:23  Stalker  
  101  9:31  Gateway  
  101  9:33  Gateway  
  101  9:34  Stalker x3  
  107  9:46  Probe  
  107  9:47  Probe x2  
  107  9:48  Stalker x2  
  84  10:16  Stalker x2  
  84  10:17  Stalker x3  
  68  10:40  Stalker  
  68  10:41  Stalker x3  
  68  10:42  Stalker x3  
  45  11:05  Stalker x2  
  45  11:06  Stalker x5  
Show
View Real Time Build Order
Export as new Build Order

Infamous Protoss - Winner!

Build Orders: Oracle Opening 

Get SALT Encoding   

  12  0:01  Probe  
  13  0:15  Probe  
  13  0:18  Pylon  
  14  0:23  Probe  
  15  0:37  Gateway  
  15  0:39  Probe  
  16  0:52  Probe  
  17  1:00  Probe, Assimilator  
  17  1:08  Probe, Gateway  
  19  1:20  Probe  
  20  1:27  Cybernetics Core  
  20  1:32  Probe  
  20  1:39  Assimilator  
  21  1:45  Probe  
  22  1:57  Probe  
  22  2:00  Pylon  
  23  2:07  Warp Gate  
  23  2:14  Adept  
  23  2:18  Probe, Adept  
  28  2:30  Probe, Pylon  
  29  2:39  Stargate  
  29  2:42  Adept  
  31  2:50  Adept  
  31  2:56  Probe  
  34  3:15  Nexus  
  34  3:22  Oracle  
  34  3:26  Probe  
  38  3:38  Probe  
  39  3:46  Shield Battery  
  39  3:56  Pylon  
  39  4:14  Probe  
  40  4:24  Gateway  
  40  4:33  Pylon, Oracle  
  43  4:41  Probe  
  43  4:44  Probe  
  45  4:49  Probe  
  45  4:50  Stalker x2  
  49  4:59  Probe  
  51  5:04  Probe  
  51  5:07  Gateway  
  51  5:10  Gateway  
  51  5:13  Pylon  
  52  5:17  Shield Battery  
  52  5:22  Probe  
  52  5:27  Oracle  
  56  5:30  Sentry, Zealot  
  56  5:32  Probe  
  56  5:34  Probe  
  62  5:43  Robotics Facility  
  62  5:49  Sentry, Twilight Council  
  64  5:51  Zealot  
  66  6:23  Probe x2  
  65  6:25  Stalker  
  65  6:26  Stalker x4  
  75  6:37  Assimilator  
  76  6:40  Probe x2  
  76  6:41  Assimilator  
  76  6:43  Pylon  
  77  6:48  Observer  
  78  7:21  Sentry, Zealot  
  78  7:22  Zealot x2  
  83  7:30  Stalker  
  83  7:33  Immortal  
  83  7:35  Pylon  
  83  7:36  Pylon  
  86  7:41  Charge  
  86  7:49  Phoenix  
  86  7:54  Void Ray  
  86  7:58  Zealot x4  
  92  7:59  Zealot  
  100  8:11  Nexus  
  100  8:13  Pylon  
  100  8:15  Pylon  
  100  8:18  Pylon  
  100  8:25  Forge x2  
  100  8:31  Immortal  
  104  8:35  Templar Archives  
  104  8:50  Zealot  
  104  8:51  Zealot x4  
  114  9:03  Void Ray  
  116  9:26  Stalker  
  116  9:27  Stalker x4  
  126  9:38  Probe x2  
  128  9:44  Observer  
  129  9:52  High Templar  
  129  9:53  High Templar x2  
  119  10:14  Zealot x2  
  119  10:20  Immortal, Void Ray  
  125  10:30  Archon  
  117  10:49  Stalker x4  
  121  10:50  Stalker  
  126  11:04  Probe x3  
Tags
 
Add a new tag
Caveats
  • Supply blocks, unpowered buildings, or Contaminate may cause inaccurate times.
  • Supply counts are checked every 10 seconds.